Wild vs Avalanche

Created - November 29 2007 at 18:23

Goals
1 2 3 T
Wild 0 0 1 1
Avalanche 0 3 0 3
Shots
1 2 3 T
Wild 4 3 16 23
Avalanche 8 10 4 22

Period #1

No Goal

Penalties :
Olli Jokinen (MIN) for Cross-checking (Minor) at 0:55, Gary Roberts (COL) for Hooking (Minor) at 17:14, Jean-Pierre Vigier (MIN) for Roughing (Minor) at 18:44

Period #2

1. Avalanche , Jozef Stumpel 13 (Mark Recchi, Keith Ballard) at 2:46
2. Avalanche , Marek Svatos 3 (Derek Armstrong, Jordan Leopold) at 7:59
3. Avalanche , Marek Svatos 4 (Martin Rucinsky, Jordan Leopold) at 14:39

Penalties :
Derek Armstrong (COL) for Holding (Minor) at 3:22, Mathieu Schneider (MIN) for Hooking (Minor) at 3:22, Rod Brind'Amour (MIN) for Hooking (Minor) at 5:26, Mathieu Schneider (MIN) for Slashing (Minor) at 16:57, Ken Klee (COL) for Hooking (Minor) at 17:25

Period #3

4. Wild , Sean Hill 4 (Chris Higgins, Joe Sakic) at 12:28 (PP)

Penalties :
Derek Armstrong (COL) for Holding (Minor) at 2:29, Gary Roberts (COL) for Interference (Minor) at 5:40, Marek Svatos (COL) for Hooking (Minor) at 8:05, Derek Armstrong (COL) for Interference (Minor) at 11:31, Kurt Sauer (COL) for Hooking (Minor) at 13:42, Derek Armstrong (COL) for High sticking (Minor) at 15:45, Sergei Brylin (COL) for Holding (Minor) at 15:50, Derek Armstrong (COL) for High sticking (Minor) at 19:04

Goalie Stats

Manny Fernandez (MIN), 5 saves from 5 shots - (1.000), 25:21 minutes
Manny Legace (MIN), 14 saves from 17 shots - (0.824), L, 18-9-1, 34:39 minutes
Mike Smith (COL), 22 saves from 23 shots - (0.957), W, 10-10-4, 60:00 minutes

Players Stats

Wild
Player Name              G  A  P  +/- PIM S  H  SB FO MP 
-----------------------------------------------------------
Brian Rolston            0  0  0   0  0   2  1  0  4  25 
Chris Higgins            0  1  1  -1  0   0  1  0  0  17 
Chris Simon              0  0  0  -2  0   0  0  0  0  15 
Duncan Keith             0  0  0  -1  0   1  0  1  0  17 
Filip Kuba               0  0  0   0  0   1  0  1  0  11 
Jean-Pierre Vigier       0  0  0  -1  2   1  1  0  1  19 
Joe Sakic                0  1  1   0  0   5  2  0  32 22 
Keith Carney             0  0  0   0  0   0  0  0  0  3  
Kim Johnsson             0  0  0  -2  0   0  0  0  0  15 
Martin Straka            0  0  0   0  0   0  1  0  2  22 
Mathieu Schneider        0  0  0   0  4   1  1  2  0  21 
Michal Rozsival          0  0  0  -1  0   0  0  0  0  23 
Mikael Samuelsson        0  0  0  -2  0   5  1  0  1  15 
Niclas Havelid           0  0  0  -2  0   2  0  1  0  15 
Olli Jokinen             0  0  0  -1  2   1  2  0  26 21 
Rod Brind'Amour          0  0  0  -2  2   3  2  0  18 17 
Sean Hill                1  0  1   0  0   1  3  0  0  25 
Wes Walz                 0  0  0   0  0   0  0  0  7  6  
Avalanche
Player Name              G  A  P  +/- PIM S  H  SB FO MP 
-----------------------------------------------------------
Brett Mclean             0  0  0   0  0   2  0  0  8  8  
Derek Armstrong          0  1  1   2  10  0  2  0  13 12 
Gary Roberts             0  0  0   0  4   1  0  0  6  17 
Joffrey Lupul            0  0  0   0  0   0  1  0  0  6  
Jordan Leopold           0  2  2   2  0   2  0  2  0  16 
Jozef Stumpel            1  0  1   1  0   4  1  1  28 21 
Keith Ballard            0  1  1   1  0   0  1  0  0  25 
Ken Klee                 0  0  0   1  2   0  1  0  0  25 
Kevin Klein              0  0  0   2  0   0  1  0  0  12 
Kurt Sauer               0  0  0   0  2   1  0  0  0  22 
Marek Svatos             2  0  2   2  2   2  3  0  0  12 
Mark Recchi              0  1  1   1  0   1  0  1  3  21 
Martin Rucinsky          0  1  1   2  0   1  0  0  0  12 
Mike Modano              0  0  0   0  0   3  0  0  30 23 
Patrick Sharp            0  0  0   0  0   3  2  0  2  16 
Randy Jones              0  0  0   0  0   1  0  2  0  24 
Sergei Brylin            0  0  0   0  2   1  1  0  1  17 
Wojtek Wolski            0  0  0   1  0   0  0  0  0  9  

3 Stars

1 - Marek Svatos (COL)
2 - Mike Smith (COL)
3 - Jordan Leopold (COL)

Power Play

Wild - 1 on 10 Attempt(s) - 10.00%
Avalanche - 0 on 4 Attempt(s) - 0.00%

Penalty Kill

Wild - 4 on 4 Attempt(s) - 100.00% - Score 0 goal in Penalty Kill
Avalanche - 9 on 10 Attempt(s) - 90.00% - Score 0 goal in Penalty Kill

Game Notes

Manny Fernandez enters game at 14:39 of 2nd period

Finance

Level 1 -- Attendance: 4677 (77.96%) -- Ticket Income $420,930.00
Level 2 -- Attendance: 2969 (59.38%) -- Ticket Income $178,140.00
Level 3 -- Attendance: 1324 (65.97%) -- Ticket Income $46,340.00
Level 4 -- Attendance: 2187 (54.67%) -- Ticket Income $54,675.00
Luxury Box -- Attendance: 853 (85.35%) -- Ticket Income $170,600.00
Game was played at the Pepsi Center
Total Attendance: 12010 (66.70%)
Total Ticket Income: $930,759.90
Other Income: $136,786.50
Total Income: $1,067,546.00


Play by Play

Period #1

0:01 of 1st period - Jozef Stumpel wins face-off versus Joe Sakic in neutral zone.
0:53 of 1st period - Off-side.
0:54 of 1st period - Gary Roberts wins face-off versus Olli Jokinen in neutral zone.
0:54 of 1st period - Mike Modano is hit by Chris Higgins and loses puck.
0:55 of 1st period - Minor Penalty to Olli Jokinen for Cross-checking.
0:56 of 1st period - Mike Modano wins face-off versus Rod Brind'Amour in neutral zone.
1:05 of 1st period - Shot by Mike Modano.
1:05 of 1st period - Shot Misses the Net.
1:07 of 1st period - Shot by Patrick Sharp.
1:07 of 1st period - Stopped by Manny Legace with a rebound.
1:11 of 1st period - Shot by Mike Modano.
1:11 of 1st period - Shot Misses the Net.
1:13 of 1st period - Shot by Gary Roberts.
1:13 of 1st period - Shot Misses the Net.
1:19 of 1st period - Shot by Patrick Sharp.
1:19 of 1st period - Shot Misses the Net.
1:28 of 1st period - Icing by Kurt Sauer.
1:29 of 1st period - Wes Walz wins face-off versus Mike Modano in Avalanche zone.
2:13 of 1st period - Icing by Ken Klee.
2:14 of 1st period - Jozef Stumpel wins face-off versus Rod Brind'Amour in Avalanche zone.
2:42 of 1st period - Off-side.
2:43 of 1st period - Rod Brind'Amour wins face-off versus Mike Modano in neutral zone.
2:53 of 1st period - Patrick Sharp is hit by Rod Brind'Amour and loses puck.
3:03 of 1st period - Martin Rucinsky is hit by Mikael Samuelsson.
3:16 of 1st period - Chris Simon is hit by Marek Svatos.
3:55 of 1st period - Off-side.
3:56 of 1st period - Joe Sakic wins face-off versus Brett Mclean in neutral zone.
4:08 of 1st period - Off-side.
4:09 of 1st period - Olli Jokinen wins face-off versus Gary Roberts in neutral zone.
4:35 of 1st period - Mike Modano is hit by Jean-Pierre Vigier.
4:58 of 1st period - Icing by Randy Jones.
4:59 of 1st period - Mike Modano wins face-off versus Joe Sakic in Avalanche zone.
5:16 of 1st period - Icing by Ken Klee.
5:17 of 1st period - Jozef Stumpel wins face-off versus Mikael Samuelsson in Avalanche zone.
6:53 of 1st period - Kevin Klein is hit by Sean Hill and loses puck.
6:57 of 1st period - Jordan Leopold is hit by Sean Hill and loses puck.
7:01 of 1st period - Jordan Leopold is hit by Martin Straka and loses puck.
7:20 of 1st period - Shot by Marek Svatos.
7:20 of 1st period - Shot Blocked by Mathieu Schneider.
7:22 of 1st period - Shot by Jordan Leopold.
7:22 of 1st period - Stopped by Manny Legace without a rebound.
7:23 of 1st period - Patrick Sharp wins face-off versus Olli Jokinen in Wild zone.
7:36 of 1st period - Shot by Mike Modano.
7:36 of 1st period - Shot Misses the Net.
7:40 of 1st period - Shot by Mike Modano.
7:40 of 1st period - Shot Misses the Net.
8:46 of 1st period - Off-side.
8:47 of 1st period - Brett Mclean wins face-off versus Olli Jokinen in neutral zone.
9:35 of 1st period - Icing by Kurt Sauer.
9:36 of 1st period - Mike Modano wins face-off versus Rod Brind'Amour in Avalanche zone.
9:44 of 1st period - Icing by Niclas Havelid.
9:45 of 1st period - Rod Brind'Amour wins face-off versus Derek Armstrong in Wild zone.
10:02 of 1st period - Shot by Rod Brind'Amour.
10:02 of 1st period - Shot Blocked by Jordan Leopold.
10:06 of 1st period - Shot by Mikael Samuelsson.
10:06 of 1st period - Stopped by Mike Smith without a rebound.
10:07 of 1st period - Mike Modano wins face-off versus Olli Jokinen in Avalanche zone.
11:02 of 1st period - Shot by Mark Recchi.
11:02 of 1st period - Deflect By Jozef Stumpel.
11:02 of 1st period - Stopped by Manny Legace without a rebound.
11:03 of 1st period - Joe Sakic wins face-off versus Brett Mclean in Wild zone.
11:12 of 1st period - Shot by Martin Straka.
11:12 of 1st period - Deflect By Joe Sakic.
11:12 of 1st period - Stopped by Mike Smith without a rebound.
11:13 of 1st period - Rod Brind'Amour wins face-off versus Derek Armstrong in Avalanche zone.
12:21 of 1st period - Shot by Joe Sakic.
12:21 of 1st period - Stopped by Mike Smith without a rebound.
12:22 of 1st period - Olli Jokinen wins face-off versus Brett Mclean in Avalanche zone.
12:22 of 1st period - Chris Higgins is hit by Joffrey Lupul and loses puck.
12:37 of 1st period - Shot by Brett Mclean.
12:37 of 1st period - Shot Misses the Net.
12:41 of 1st period - Shot by Sergei Brylin.
12:41 of 1st period - Stopped by Manny Legace with a rebound.
13:32 of 1st period - Shot by Patrick Sharp.
13:32 of 1st period - Shot Misses the Net.
13:34 of 1st period - Shot by Kurt Sauer.
13:34 of 1st period - Stopped by Manny Legace without a rebound.
13:35 of 1st period - Rod Brind'Amour wins face-off versus Jozef Stumpel in Wild zone.
13:35 of 1st period - Rod Brind'Amour is hit by Jozef Stumpel.
13:40 of 1st period - Icing by Kim Johnsson.
13:41 of 1st period - Rod Brind'Amour wins face-off versus Mike Modano in Wild zone.
14:01 of 1st period - Icing by Mike Modano.
14:02 of 1st period - Joe Sakic wins face-off versus Gary Roberts in Avalanche zone.
14:10 of 1st period - Icing by Patrick Sharp.
14:11 of 1st period - Joe Sakic wins face-off versus Mike Modano in Avalanche zone.
16:12 of 1st period - Off-side.
16:13 of 1st period - Brett Mclean wins face-off versus Olli Jokinen in neutral zone.
16:31 of 1st period - Shot by Sergei Brylin.
16:31 of 1st period - Shot Misses the Net.
16:33 of 1st period - Shot by Brett Mclean.
16:33 of 1st period - Shot Hit the Post.
16:37 of 1st period - Shot by Brett Mclean.
16:37 of 1st period - Stopped by Manny Legace with a rebound.
16:48 of 1st period - Shot by Sergei Brylin.
16:48 of 1st period - Deflect By Brett Mclean.
16:48 of 1st period - Stopped by Manny Legace without a rebound.
16:49 of 1st period - Mike Modano wins face-off versus Joe Sakic in Wild zone.
17:08 of 1st period - Shot by Patrick Sharp.
17:08 of 1st period - Stopped by Manny Legace without a rebound.
17:09 of 1st period - Mike Modano wins face-off versus Olli Jokinen in Wild zone.
17:14 of 1st period - Minor Penalty to Gary Roberts for Hooking.
17:15 of 1st period - Joe Sakic wins face-off versus Mike Modano in Wild zone.
17:41 of 1st period - Icing by Brian Rolston.
17:42 of 1st period - Joe Sakic wins face-off versus Jozef Stumpel in Wild zone.
18:44 of 1st period - Minor Penalty to Jean-Pierre Vigier for Roughing.
18:45 of 1st period - Joe Sakic wins face-off versus Mike Modano in Wild zone.
19:02 of 1st period - Shot by Joe Sakic.
19:02 of 1st period - Stopped by Mike Smith without a rebound.
19:03 of 1st period - Jozef Stumpel wins face-off versus Olli Jokinen in Avalanche zone.
19:03 of 1st period - Mark Recchi is hit by Olli Jokinen and loses puck.

Period #2

0:01 of 2nd period - Martin Straka wins face-off versus Jozef Stumpel in neutral zone.
0:40 of 2nd period - Shot by Ken Klee.
0:40 of 2nd period - Shot Blocked by Mathieu Schneider.
1:12 of 2nd period - Icing by Mike Modano.
1:13 of 2nd period - Mike Modano wins face-off versus Brian Rolston in Avalanche zone.
1:38 of 2nd period - Shot by Brian Rolston.
1:38 of 2nd period - Shot Misses the Net.
1:45 of 2nd period - Icing by Randy Jones.
1:46 of 2nd period - Olli Jokinen wins face-off versus Mike Modano in Avalanche zone.
2:04 of 2nd period - Duncan Keith is hit by Patrick Sharp and loses puck.
2:28 of 2nd period - Shot by Wojtek Wolski.
2:28 of 2nd period - Shot Hit the Post.
2:46 of 2nd period - Shot by Mark Recchi.
2:46 of 2nd period - Deflect By Jozef Stumpel.
2:46 of 2nd period - Goal by Jozef Stumpel - Wild : 0 - Avalanche : 1.
2:47 of 2nd period - Derek Armstrong wins face-off versus Joe Sakic in neutral zone.
3:22 of 2nd period - Minor Penalty to Derek Armstrong for Holding.
3:22 of 2nd period - Minor Penalty to Mathieu Schneider for Hooking.
3:23 of 2nd period - Brian Rolston wins face-off versus Jozef Stumpel in Wild zone.
3:30 of 2nd period - Shot by Joe Sakic.
3:30 of 2nd period - Shot Misses the Net.
3:44 of 2nd period - Shot by Jozef Stumpel.
3:44 of 2nd period - Stopped by Manny Legace without a rebound.
3:45 of 2nd period - Olli Jokinen wins face-off versus Mike Modano in Wild zone.
5:05 of 2nd period - Icing by Olli Jokinen.
5:06 of 2nd period - Olli Jokinen wins face-off versus Mike Modano in Wild zone.
5:25 of 2nd period - Shot by Marek Svatos.
5:25 of 2nd period - Shot Blocked by Niclas Havelid.
5:26 of 2nd period - Minor Penalty to Rod Brind'Amour for Hooking.
5:27 of 2nd period - Wes Walz wins face-off versus Sergei Brylin in Wild zone.
5:55 of 2nd period - Icing by Gary Roberts.
5:56 of 2nd period - Joe Sakic wins face-off versus Gary Roberts in Avalanche zone.
6:32 of 2nd period - Icing by Ken Klee.
6:33 of 2nd period - Wes Walz wins face-off versus Jozef Stumpel in Avalanche zone.
6:37 of 2nd period - Icing by Ken Klee.
6:38 of 2nd period - Joe Sakic wins face-off versus Jozef Stumpel in Avalanche zone.
7:05 of 2nd period - Shot by Sergei Brylin.
7:05 of 2nd period - Shot Misses the Net.
7:07 of 2nd period - Shot by Patrick Sharp.
7:07 of 2nd period - Shot Misses the Net.
7:09 of 2nd period - Shot by Mike Modano.
7:09 of 2nd period - Stopped by Manny Legace without a rebound.
7:10 of 2nd period - Jozef Stumpel wins face-off versus Wes Walz in Wild zone.
7:13 of 2nd period - Shot by Jozef Stumpel.
7:13 of 2nd period - Stopped by Manny Legace without a rebound.
7:14 of 2nd period - Patrick Sharp wins face-off versus Wes Walz in Wild zone.
7:27 of 2nd period - Shot by Derek Armstrong.
7:27 of 2nd period - Shot Misses the Net.
7:31 of 2nd period - Shot by Martin Rucinsky.
7:31 of 2nd period - Stopped by Manny Legace without a rebound.
7:32 of 2nd period - Rod Brind'Amour wins face-off versus Derek Armstrong in Wild zone.
7:59 of 2nd period - Shot by Marek Svatos.
7:59 of 2nd period - Goal by Marek Svatos - Wild : 0 - Avalanche : 2.
8:00 of 2nd period - Jozef Stumpel wins face-off versus Olli Jokinen in neutral zone.
8:21 of 2nd period - Off-side.
8:22 of 2nd period - Martin Straka wins face-off versus Mike Modano in neutral zone.
8:51 of 2nd period - Shot by Joe Sakic.
8:51 of 2nd period - Shot Blocked by Randy Jones.
10:17 of 2nd period - Shot by Mikael Samuelsson.
10:17 of 2nd period - Stopped by Mike Smith without a rebound.
10:18 of 2nd period - Derek Armstrong wins face-off versus Brian Rolston in Avalanche zone.
11:22 of 2nd period - Mikael Samuelsson is hit by Sergei Brylin.
11:35 of 2nd period - Joffrey Lupul is hit by Rod Brind'Amour and loses puck.
11:54 of 2nd period - Shot by Niclas Havelid.
11:54 of 2nd period - Stopped by Mike Smith without a rebound.
11:55 of 2nd period - Olli Jokinen wins face-off versus Mike Modano in Avalanche zone.
12:09 of 2nd period - Icing by Mike Modano.
12:10 of 2nd period - Mike Modano wins face-off versus Jean-Pierre Vigier in Avalanche zone.
14:07 of 2nd period - Shot by Rod Brind'Amour.
14:07 of 2nd period - Stopped by Mike Smith without a rebound.
14:08 of 2nd period - Mike Modano wins face-off versus Joe Sakic in Avalanche zone.
14:15 of 2nd period - Shot by Randy Jones.
14:15 of 2nd period - Stopped by Manny Legace without a rebound.
14:16 of 2nd period - Joe Sakic wins face-off versus Mike Modano in Wild zone.
14:33 of 2nd period - Shot by Patrick Sharp.
14:33 of 2nd period - Stopped by Manny Legace without a rebound.
14:34 of 2nd period - Derek Armstrong wins face-off versus Rod Brind'Amour in Wild zone.
14:39 of 2nd period - Shot by Marek Svatos.
14:39 of 2nd period - Goal by Marek Svatos - Wild : 0 - Avalanche : 3.
14:39 of 2nd period - Manny Fernandez enters game.
14:40 of 2nd period - Brian Rolston wins face-off versus Derek Armstrong in neutral zone.
15:04 of 2nd period - Off-side.
15:05 of 2nd period - Mike Modano wins face-off versus Rod Brind'Amour in neutral zone.
15:16 of 2nd period - Icing by Kim Johnsson.
15:17 of 2nd period - Jozef Stumpel wins face-off versus Rod Brind'Amour in Wild zone.
15:20 of 2nd period - Shot by Wojtek Wolski.
15:20 of 2nd period - Shot Misses the Net.
16:39 of 2nd period - Shot by Patrick Sharp.
16:39 of 2nd period - Shot Misses the Net.
16:41 of 2nd period - Shot by Gary Roberts.
16:41 of 2nd period - Deflect By Mike Modano.
16:41 of 2nd period - Shot Misses the Net.
16:56 of 2nd period - Mike Modano is hit by Mathieu Schneider and loses puck.
16:57 of 2nd period - Minor Penalty to Mathieu Schneider for Slashing.
16:58 of 2nd period - Wes Walz wins face-off versus Jozef Stumpel in Wild zone.
17:04 of 2nd period - Icing by Ken Klee.
17:05 of 2nd period - Jozef Stumpel wins face-off versus Wes Walz in Avalanche zone.
17:25 of 2nd period - Minor Penalty to Ken Klee for Hooking.
17:26 of 2nd period - Joe Sakic wins face-off versus Mike Modano in neutral zone.
17:31 of 2nd period - Shot by Joe Sakic.
17:31 of 2nd period - Shot Misses the Net.
17:52 of 2nd period - Sergei Brylin is hit by Joe Sakic and loses puck.
18:28 of 2nd period - Shot by Mark Recchi.
18:28 of 2nd period - Shot Blocked by Duncan Keith.
19:00 of 2nd period - Shot by Martin Rucinsky.
19:00 of 2nd period - Deflect By Gary Roberts.
19:00 of 2nd period - Stopped by Manny Fernandez without a rebound.
19:01 of 2nd period - Olli Jokinen wins face-off versus Gary Roberts in Wild zone.

Period #3

0:01 of 3rd period - Jozef Stumpel wins face-off versus Joe Sakic in neutral zone.
0:16 of 3rd period - Shot by Mark Recchi.
0:16 of 3rd period - Shot Misses the Net.
0:44 of 3rd period - Shot by Martin Straka.
0:44 of 3rd period - Shot Misses the Net.
1:31 of 3rd period - Shot by Patrick Sharp.
1:31 of 3rd period - Deflect By Mike Modano.
1:31 of 3rd period - Shot Misses the Net.
2:16 of 3rd period - Rod Brind'Amour is hit by Derek Armstrong and loses puck.
2:20 of 3rd period - Icing by Jordan Leopold.
2:21 of 3rd period - Joe Sakic wins face-off versus Derek Armstrong in Avalanche zone.
2:29 of 3rd period - Minor Penalty to Derek Armstrong for Holding.
2:30 of 3rd period - Joe Sakic wins face-off versus Jozef Stumpel in Avalanche zone.
2:48 of 3rd period - Off-side.
2:49 of 3rd period - Jozef Stumpel wins face-off versus Olli Jokinen in neutral zone.
3:14 of 3rd period - Shot by Mathieu Schneider.
3:14 of 3rd period - Shot Misses the Net.
4:39 of 3rd period - Shot by Rod Brind'Amour.
4:39 of 3rd period - Shot Misses the Net.
4:41 of 3rd period - Shot by Chris Simon.
4:41 of 3rd period - Shot Hit the Post.
4:43 of 3rd period - Shot by Mikael Samuelsson.
4:43 of 3rd period - Shot Misses the Net.
5:01 of 3rd period - Shot by Mikael Samuelsson.
5:01 of 3rd period - Stopped by Mike Smith without a rebound.
5:02 of 3rd period - Olli Jokinen wins face-off versus Brett Mclean in Avalanche zone.
5:23 of 3rd period - Shot by Martin Straka.
5:23 of 3rd period - Shot Misses the Net.
5:25 of 3rd period - Shot by Brian Rolston.
5:25 of 3rd period - Stopped by Mike Smith without a rebound.
5:26 of 3rd period - Rod Brind'Amour wins face-off versus Gary Roberts in Avalanche zone.
5:33 of 3rd period - Shot by Mikael Samuelsson.
5:33 of 3rd period - Shot Misses the Net.
5:40 of 3rd period - Minor Penalty to Gary Roberts for Interference.
5:41 of 3rd period - Joe Sakic wins face-off versus Jozef Stumpel in Avalanche zone.
7:08 of 3rd period - Shot by Olli Jokinen.
7:08 of 3rd period - Shot Misses the Net.
7:10 of 3rd period - Shot by Mathieu Schneider.
7:10 of 3rd period - Shot Misses the Net.
7:12 of 3rd period - Shot by Olli Jokinen.
7:12 of 3rd period - Shot Misses the Net.
7:55 of 3rd period - Icing by Niclas Havelid.
7:56 of 3rd period - Rod Brind'Amour wins face-off versus Derek Armstrong in Wild zone.
7:56 of 3rd period - Rod Brind'Amour is hit by Marek Svatos.
8:05 of 3rd period - Minor Penalty to Marek Svatos for Hooking.
8:06 of 3rd period - Mike Modano wins face-off versus Joe Sakic in Wild zone.
8:31 of 3rd period - Shot by Filip Kuba.
8:31 of 3rd period - Shot Misses the Net.
9:09 of 3rd period - Shot by Martin Straka.
9:09 of 3rd period - Deflect By Olli Jokinen.
9:09 of 3rd period - Stopped by Mike Smith without a rebound.
9:10 of 3rd period - Jozef Stumpel wins face-off versus Joe Sakic in Avalanche zone.
9:25 of 3rd period - Shot by Joe Sakic.
9:25 of 3rd period - Deflect By Chris Higgins.
9:25 of 3rd period - Shot Misses the Net.
9:27 of 3rd period - Shot by Duncan Keith.
9:27 of 3rd period - Stopped by Mike Smith without a rebound.
9:28 of 3rd period - Jozef Stumpel wins face-off versus Olli Jokinen in Avalanche zone.
9:42 of 3rd period - Martin Straka is hit by Ken Klee and loses puck.
10:00 of 3rd period - Off-side.
10:01 of 3rd period - Mike Modano wins face-off versus Joe Sakic in neutral zone.
10:01 of 3rd period - Mike Modano is hit by Joe Sakic.
10:27 of 3rd period - Shot by Mikael Samuelsson.
10:27 of 3rd period - Deflect By Rod Brind'Amour.
10:27 of 3rd period - Stopped by Mike Smith with a rebound.
10:29 of 3rd period - Shot by Kim Johnsson.
10:29 of 3rd period - Shot Blocked by Jordan Leopold.
10:31 of 3rd period - Shot by Chris Simon.
10:31 of 3rd period - Shot Misses the Net.
10:35 of 3rd period - Shot by Niclas Havelid.
10:35 of 3rd period - Stopped by Mike Smith without a rebound.
10:36 of 3rd period - Olli Jokinen wins face-off versus Brett Mclean in Avalanche zone.
11:29 of 3rd period - Icing by Kim Johnsson.
11:30 of 3rd period - Rod Brind'Amour wins face-off versus Derek Armstrong in Wild zone.
11:30 of 3rd period - Rod Brind'Amour is hit by Derek Armstrong.
11:31 of 3rd period - Minor Penalty to Derek Armstrong for Interference.
11:32 of 3rd period - Mike Modano wins face-off versus Joe Sakic in Wild zone.
11:43 of 3rd period - Shot by Sergei Brylin.
11:43 of 3rd period - Deflect By Mike Modano.
11:43 of 3rd period - Stopped by Manny Fernandez with a rebound.
11:47 of 3rd period - Shot by Mike Modano.
11:47 of 3rd period - Stopped by Manny Fernandez without a rebound.
11:48 of 3rd period - Jozef Stumpel wins face-off versus Olli Jokinen in Wild zone.
11:51 of 3rd period - Shot by Mark Recchi.
11:51 of 3rd period - Shot Misses the Net.
12:02 of 3rd period - Shot by Jean-Pierre Vigier.
12:02 of 3rd period - Stopped by Mike Smith without a rebound.
12:03 of 3rd period - Mike Modano wins face-off versus Joe Sakic in Avalanche zone.
12:03 of 3rd period - Sergei Brylin is hit by Sean Hill and loses puck.
12:26 of 3rd period - Shot by Chris Higgins.
12:26 of 3rd period - Shot Misses the Net.
12:28 of 3rd period - Shot by Sean Hill.
12:28 of 3rd period - Goal by Sean Hill - Wild : 1 - Avalanche : 3.
12:29 of 3rd period - Rod Brind'Amour wins face-off versus Derek Armstrong in neutral zone.
12:42 of 3rd period - Niclas Havelid is hit by Marek Svatos.
12:50 of 3rd period - Shot by Mikael Samuelsson.
12:50 of 3rd period - Stopped by Mike Smith without a rebound.
12:51 of 3rd period - Mike Modano wins face-off versus Olli Jokinen in Avalanche zone.
13:16 of 3rd period - Shot by Mike Modano.
13:16 of 3rd period - Shot Misses the Net.
13:23 of 3rd period - Chris Higgins is hit by Patrick Sharp and loses puck.
13:42 of 3rd period - Shot by Mikael Samuelsson.
13:42 of 3rd period - Stopped by Mike Smith without a rebound.
13:42 of 3rd period - Minor Penalty to Kurt Sauer for Hooking.
13:43 of 3rd period - Joe Sakic wins face-off versus Jozef Stumpel in Avalanche zone.
13:43 of 3rd period - Joe Sakic is hit by Keith Ballard.
13:53 of 3rd period - Shot by Joe Sakic.
13:53 of 3rd period - Shot Misses the Net.
13:55 of 3rd period - Shot by Sean Hill.
13:55 of 3rd period - Shot Blocked by Jozef Stumpel.
13:59 of 3rd period - Shot by Joe Sakic.
13:59 of 3rd period - Stopped by Mike Smith without a rebound.
14:00 of 3rd period - Joe Sakic wins face-off versus Jozef Stumpel in Avalanche zone.
14:01 of 3rd period - Shot by Chris Higgins.
14:01 of 3rd period - Deflect By Joe Sakic.
14:01 of 3rd period - Stopped by Mike Smith with a rebound.
14:03 of 3rd period - Shot by Sean Hill.
14:03 of 3rd period - Shot Misses the Net.
14:05 of 3rd period - Shot by Filip Kuba.
14:05 of 3rd period - Shot Misses the Net.
14:07 of 3rd period - Shot by Filip Kuba.
14:07 of 3rd period - Stopped by Mike Smith without a rebound.
14:08 of 3rd period - Jozef Stumpel wins face-off versus Olli Jokinen in Avalanche zone.
14:15 of 3rd period - Shot by Mark Recchi.
14:15 of 3rd period - Stopped by Manny Fernandez without a rebound.
14:16 of 3rd period - Joe Sakic wins face-off versus Jozef Stumpel in Wild zone.
14:33 of 3rd period - Shot by Filip Kuba.
14:33 of 3rd period - Shot Blocked by Mark Recchi.
15:10 of 3rd period - Icing by Olli Jokinen.
15:11 of 3rd period - Olli Jokinen wins face-off versus Jozef Stumpel in Wild zone.
15:16 of 3rd period - Ken Klee is hit by Olli Jokinen and loses puck.
15:41 of 3rd period - Shot by Mathieu Schneider.
15:41 of 3rd period - Shot Misses the Net.
15:43 of 3rd period - Shot by Rod Brind'Amour.
15:43 of 3rd period - Stopped by Mike Smith without a rebound.
15:44 of 3rd period - Rod Brind'Amour wins face-off versus Derek Armstrong in Avalanche zone.
15:44 of 3rd period - Kim Johnsson is hit by Kevin Klein and loses puck.
15:45 of 3rd period - Minor Penalty to Derek Armstrong for High sticking.
15:46 of 3rd period - Joe Sakic wins face-off versus Mike Modano in Avalanche zone.
15:50 of 3rd period - Minor Penalty to Sergei Brylin for Holding.
15:51 of 3rd period - Mark Recchi wins face-off versus Olli Jokinen in Avalanche zone.
16:16 of 3rd period - Shot by Michal Rozsival.
16:16 of 3rd period - Shot Misses the Net.
16:58 of 3rd period - Keith Ballard is hit by Brian Rolston and loses puck.
17:29 of 3rd period - Shot by Mathieu Schneider.
17:29 of 3rd period - Stopped by Mike Smith without a rebound.
17:30 of 3rd period - Mark Recchi wins face-off versus Joe Sakic in Avalanche zone.
17:36 of 3rd period - Icing by Filip Kuba.
17:37 of 3rd period - Mark Recchi wins face-off versus Joe Sakic in Wild zone.
17:42 of 3rd period - Shot by Mark Recchi.
17:42 of 3rd period - Shot Blocked by Filip Kuba.
18:04 of 3rd period - Shot by Martin Rucinsky.
18:04 of 3rd period - Shot Misses the Net.
18:06 of 3rd period - Shot by Kevin Klein.
18:06 of 3rd period - Shot Misses the Net.
18:10 of 3rd period - Shot by Martin Rucinsky.
18:10 of 3rd period - Shot Misses the Net.
18:14 of 3rd period - Shot by Jordan Leopold.
18:14 of 3rd period - Stopped by Manny Fernandez without a rebound.
18:15 of 3rd period - Olli Jokinen wins face-off versus Brett Mclean in Wild zone.
19:03 of 3rd period - Icing by Rod Brind'Amour.
19:04 of 3rd period - Rod Brind'Amour wins face-off versus Derek Armstrong in Wild zone.
19:04 of 3rd period - Minor Penalty to Derek Armstrong for High sticking.
19:05 of 3rd period - Joe Sakic wins face-off versus Mike Modano in Wild zone.
19:32 of 3rd period - Shot by Brian Rolston.
19:32 of 3rd period - Shot Misses the Net.
19:40 of 3rd period - Shot by Joe Sakic.
19:40 of 3rd period - Shot Blocked by Randy Jones.
19:42 of 3rd period - Shot by Brian Rolston.
19:42 of 3rd period - Stopped by Mike Smith without a rebound.
19:43 of 3rd period - Jozef Stumpel wins face-off versus Olli Jokinen in Avalanche zone.


Output by the SimonT Hockey Simulator (STHS) for Stephane Roy -- Original Page W3C XHTML 1.0 Valid